Map: Solaris LE

Players

Cure

  • Race: Terran Terran
  • Spawn Location: 7:00

MaxPax - Winner!

  • Race: Protoss Protoss
  • League: Master
  • Spawn Location: 1:00

VOD

Have the link to the VOD?

Description

Time

  • Played on: Oct. 18, 2023, 9:32 a.m.
  • Length: 11:35
Show
View Real Time Build Order
Export as new Build Order

Cure Terran 

Build Orders:  

Get SALT Encoding   

  12  0:00  SCV  
  13  0:12  SCV  
  14  0:18  Supply Depot  
  14  0:24  SCV  
  15  0:39  SCV  
  15  0:41  Barracks  
  16  0:46  Refinery  
  16  0:52  SCV  
  17  0:57  Refinery  
  17  1:04  SCV  
  18  1:16  SCV  
  19  1:28  Reaper  
  19  1:29  Orbital Command  
  20  1:41  Bunker  
  20  1:46  Factory  
  20  1:55  Supply Depot  
  20  1:56  SCV  
  20  2:01  Reaper  
  23  2:08  SCV  
  23  2:20  SCV  
  24  2:32  Widow Mine  
  26  2:37  Command Center  
  26  2:39  SCV  
  27  2:51  SCV, Starport  
  27  2:57  Widow Mine  
  30  3:02  Supply Depot  
  30  3:08  SCV  
  30  3:14  Barracks  
  29  3:20  SCV  
  29  3:23  Widow Mine  
  32  3:28  Medivac  
  32  3:32  SCV  
  32  3:33  Armory  
  35  3:41  Bunker  
  35  3:45  SCV, Widow Mine  
  38  3:54  Orbital Command  
  38  3:56  Marine  
  38  4:00  SCV  
  40  4:02  Marine  
  41  4:12  Factory Tech Lab  
  41  4:15  Starport Tech Lab  
  42  4:18  SCV  
  43  4:25  SCV  
  43  4:26  Barracks Tech Lab  
  43  4:27  Barracks Reactor  
  43  4:30  SCV  
  44  4:37  SCV  
  45  4:40  Raven, Cyclone  
  45  4:44  SCV  
  48  4:49  SCV  
  48  4:50  Marine  
  48  4:51  Stimpack  
  50  4:53  Refinery  
  50  4:54  Barracks  
  50  4:55  Supply Depot  
  50  4:56  SCV  
  51  5:01  SCV  
  51  5:03  Marine  
  51  5:04  Marine  
  52  5:08  SCV, Marine, Engineering Bay  
  52  5:13  SCV  
  53  5:18  Raven  
  53  5:21  Supply Depot, SCV  
  56  5:22  Marine, Refinery  
  56  5:23  Marine  
  56  5:25  Marine, SCV  
  60  5:30  Supply Depot  
  60  5:33  Interference Matrix  
  60  5:34  Factory Reactor  
  60  5:36  SCV  
  60  5:37  SCV  
  60  5:42  Marine  
  62  5:44  Marauder  
  62  5:46  Supply Depot  
  62  5:47  Terran Infantry Weapons Level 1  
  62  5:48  SCV  
  67  5:50  SCV  
  67  5:55  Marine  
  68  5:58  Marauder  
  68  6:00  Marine  
  68  6:03  Combat Shield, SCV x2  
  73  6:10  Missile Turret  
  73  6:11  Missile Turret  
  73  6:14  Marauder, Marine  
  73  6:18  Marine  
  76  6:19  Marauder  
  76  6:22  SCV x2  
  80  6:27  Supply Depot  
  80  6:32  Marine  
  80  6:36  Marine, Factory Reactor, Marauder  
  80  6:38  Missile Turret  
  80  6:39  Supply Depot  
  84  6:41  Marauder  
  85  6:48  Medivac x2  
  85  6:49  Supply Depot  
  85  6:51  Marine  
  85  6:53  SCV x2  
  85  6:54  Marine  
  92  7:00  Marauder  
  95  7:01  Supply Depot  
  95  7:02  Supply Depot  
  95  7:05  SCV x2  
  95  7:06  Marauder  
  99  7:09  Concussive Shells  
  99  7:15  Marine x2  
  101  7:18  Widow Mine x2  
  101  7:21  Medivac x2  
  109  7:23  Marauder  
  109  7:27  Marauder  
  109  7:28  Supply Depot  
  109  7:29  Supply Depot  
  112  7:37  Marine x2  
  112  7:41  Terran Infantry Armor Level 1  
  114  7:44  Marauder  
  114  7:48  Marauder  
  117  7:53  Command Center  
  117  7:56  Medivac x2  
  123  7:58  Widow Mine  
  123  7:59  Widow Mine  
  125  8:06  Marine x2  
  125  8:07  Marauder  
  125  8:10  Marauder  
  131  8:13  Supply Depot  
  131  8:23  SCV x2  
  133  8:28  Barracks  
  133  8:30  Barracks  
  121  8:51  Marauder x2, Marine x2  
  121  8:52  Viking, Widow Mine x2  
  121  8:53  SCV x2  
  105  9:09  Viking, Marine x2  
  102  9:10  Orbital Command, SCV x2  
  102  9:13  Marauder x2  
  99  9:18  Barracks Reactor, Marauder  
  99  9:21  Widow Mine  
  99  9:22  Viking, SCV x2  
  107  9:26  Marine  
  107  9:27  Marine  
  107  9:28  Widow Mine  
  111  9:34  Marauder  
  111  9:35  Ghost Academy  
  113  9:39  Orbital Command  
  113  9:42  Viking  
  113  9:43  Marauder  
  117  9:48  Marauder  
  117  9:49  Marine  
  117  9:51  Widow Mine  
  120  9:55  Marauder  
  120  9:58  Marine x2  
  118  10:05  Marauder  
  91  10:07  Marine  
  91  10:09  Marauder  
  76  10:16  Marine x2  
  76  10:17  Medivac, Marauder  
  54  10:26  Marauder  
  51  10:29  Marine  
  51  10:31  Marauder  
  52  10:36  SCV  
  52  10:38  SCV  
  52  10:41  SCV  
  54  10:50  Medivac  
  54  10:52  Marauder x2  
  54  10:56  Marauder  
  62  10:59  Barracks Reactor, Marine  
  62  11:01  Marine  
  62  11:03  SCV x2  
  66  11:05  SCV  
  66  11:09  Widow Mine  
  69  11:15  SCV  
Show
View Real Time Build Order
Export as new Build Order

MaxPax Protoss - Winner!

Build Orders: 1 Gate Expand, Phoenix Opening 

Get SALT Encoding   

  12  0:00  Probe  
  13  0:12  Probe  
  14  0:18  Pylon  
  14  0:24  Probe (Chrono Boost)  
  15  0:37  Probe (Chrono Boost)  
  15  0:38  Gateway  
  16  0:44  Probe (Chrono Boost)  
  16  0:49  Assimilator  
  17  0:51  Probe  
  18  1:03  Probe  
  19  1:15  Probe  
  20  1:27  Cybernetics Core  
  20  1:36  Nexus  
  20  1:43  Pylon  
  20  1:46  Probe  
  21  1:54  Assimilator  
  21  1:58  Probe  
  21  2:00  Stalker (Chrono Boost)  
  24  2:10  Probe  
  25  2:22  Probe  
  24  2:23  Stalker (Chrono Boost)  
  26  2:34  Shield Battery  
  26  2:36  Probe  
  27  2:48  Probe  
  28  2:51  Stargate  
  28  2:55  Probe  
  29  3:00  Probe  
  29  3:03  Stalker  
  32  3:09  Probe  
  32  3:13  Probe (Chrono Boost)  
  33  3:21  Probe (Chrono Boost)  
  33  3:25  Probe (Chrono Boost)  
  35  3:28  Warp Gate  
  35  3:31  Probe (Chrono Boost)  
  35  3:32  Probe (Chrono Boost)  
  37  3:36  Phoenix, Probe (Chrono Boost)  
  37  3:39  Probe  
  41  3:47  Probe (Chrono Boost)  
  42  3:58  Probe (Chrono Boost)  
  42  3:59  Probe (Chrono Boost)  
  42  4:01  Robotics Facility  
  45  4:07  Probe (Chrono Boost)  
  45  4:09  Probe (Chrono Boost)  
  46  4:11  Pylon  
  45  4:17  Probe  
  45  4:22  Pylon  
  45  4:23  Assimilator  
  46  4:25  Assimilator  
  46  4:29  Probe x2, Phoenix  
  50  4:41  Probe x2  
  50  4:49  Observer (Chrono Boost)  
  51  4:53  Probe  
  51  4:54  Phoenix, Probe  
  55  5:03  Nexus  
  55  5:06  Probe x2  
  57  5:12  Immortal  
  57  5:13  Pylon  
  61  5:18  Robotics Bay  
  61  5:20  Pylon  
  61  5:21  Probe  
  62  5:31  Probe, Phoenix  
  62  5:33  Probe  
  66  5:36  Gateway  
  66  5:40  Shield Battery  
  66  5:43  Probe  
  66  5:44  Observer  
  66  5:45  Probe  
  68  5:54  Observer (Chrono Boost)  
  68  5:55  Gateway, Probe  
  68  5:56  Phoenix  
  72  5:57  Probe  
  73  6:04  Observer  
  73  6:07  Probe  
  73  6:08  Extended Thermal Lance  
  73  6:09  Probe  
  75  6:11  Colossus (Chrono Boost)  
  75  6:14  Pylon  
  82  6:18  Probe  
  82  6:20  Probe  
  82  6:22  Probe  
  84  6:26  Forge  
  84  6:30  Probe, Phoenix  
  84  6:32  Probe  
  88  6:34  Probe  
  88  6:37  Twilight Council  
  89  6:42  Probe  
  89  6:44  Probe  
  89  6:47  Observer, Pylon  
  91  6:52  Colossus (Chrono Boost)  
  97  6:56  Gateway  
  97  6:58  Gateway, Protoss Ground Weapons Level 1  
  97  7:01  Gateway  
  97  7:02  Observer  
  97  7:03  Gateway  
  97  7:09  Gateway  
  97  7:15  Charge  
  97  7:17  Sentry, Zealot x2  
  97  7:18  Pylon  
  97  7:19  Pylon  
  97  7:22  Photon Cannon  
  103  7:31  Gateway  
  103  7:32  Colossus (Chrono Boost)  
  103  7:33  Gateway  
  103  7:34  Pylon  
  109  7:40  Zealot x3  
  115  7:52  Zealot x2  
  115  7:56  Pylon  
  119  7:59  Zealot x2  
  119  8:01  Pylon  
  119  8:05  Photon Cannon  
  123  8:06  Zealot x2, Pylon  
  123  8:07  Probe  
  123  8:08  Probe  
  123  8:09  Pylon  
  129  8:15  Zealot x2, Stalker  
  129  8:16  Zealot  
  129  8:19  Warp Prism (Chrono Boost)  
  137  8:24  Pylon  
  139  8:27  Pylon  
  139  8:30  Templar Archives  
  139  8:39  Zealot x4  
  139  8:42  Sentry  
  139  8:43  Zealot  
  115  8:59  Stalker  
  115  9:00  Stalker x3  
  119  9:03  Zealot  
  119  9:06  Observer  
  119  9:14  Nexus  
  119  9:15  Observer  
  119  9:21  Photon Cannon  
  117  9:30  High Templar x4  
  125  9:31  Zealot x3  
  125  9:33  Observer  
  125  9:34  Archon  
  125  9:35  Archon  
  131  9:49  Zealot x3  
  109  10:10  Zealot x5  
  97  10:20  Warp Prism (Chrono Boost)  
  88  10:26  Stalker x2  
  78  10:34  Observer  
  76  10:36  Probe  
  76  10:42  High Templar x3  
  78  10:43  High Templar  
  78  10:48  Archon  
  78  10:49  Archon  
  83  10:53  Stalker x3  
  89  10:58  Zealot x2  
  93  11:05  Sentry  
  95  11:14  Shield Battery  
  95  11:17  Zealot x5  
  105  11:27  Zealot x3  
  105  11:31  Zealot  
Tags
 
Add a new tag
Caveats
  • Supply blocks, unpowered buildings, or Contaminate may cause inaccurate times.
  • Supply counts are checked every 10 seconds.